Map: [ESL] Oceanborn

Players

Misaki - Winner!

  • Race: Zerg Zerg
  • Spawn Location: 11:00

Nice

  • Race: Protoss Protoss
  • Spawn Location: 5:00

Event: ESL SC2 Masters 2024 Spring (Regional)

VOD

Have the link to the VOD?

Description

Time

  • Played on: April 14, 2024, 7:54 a.m.
  • Length: 8:26

All games in this series

Show
View Real Time Build Order
Export as new Build Order

Misaki Zerg - Winner!

Build Orders: Hatch First 

Get SALT Encoding   

  12  0:00  Drone  
  13  0:08  Drone  
  14  0:16  Overlord  
  14  0:34  Drone  
  14  0:35  Drone  
  16  0:47  Hatchery  
  15  0:50  Drone  
  15  0:55  Drone  
  17  0:57  Drone  
  18  1:09  Extractor  
  17  1:13  Spawning Pool  
  17  1:17  Drone  
  17  1:20  Drone  
  18  1:29  Drone  
  19  1:40  Drone  
  20  1:50  Drone  
  21  1:59  Queen  
  21  2:00  Queen  
  21  2:01  Zergling x4  
  27  2:10  Overlord  
  27  2:12  Drone  
  27  2:14  Metabolic Boost  
  28  2:28  Drone  
  28  2:29  Drone  
  30  2:31  Drone  
  30  2:33  Drone  
  32  2:41  Hatchery  
  32  2:43  Drone  
  32  2:48  Drone  
  33  2:58  Overlord  
  33  2:59  Queen  
  33  3:01  Drone  
  36  3:18  Drone x8  
  44  3:24  Lair  
  44  3:27  Extractor  
  44  3:29  Zergling x2  
  44  3:32  Overlord  
  44  3:46  Overlord x2  
  44  3:52  Drone x3  
  44  3:53  Zergling x8  
  51  4:00  Overlord  
  51  4:03  Zergling x2  
  51  4:07  Zergling x2  
  53  4:11  Zergling x6  
  53  4:14  Zergling x8  
  60  4:17  Zergling x4  
  60  4:21  Hydralisk Den  
  61  4:27  Overlord  
  61  4:31  Zergling x2  
  59  4:42  Zergling x14  
  62  4:51  Hydralisk x4, Muscular Augments  
  69  4:53  Hydralisk  
  70  5:02  Hydralisk  
  70  5:04  Hydralisk  
  69  5:07  Zergling x8  
  68  5:14  Hydralisk  
  68  5:17  Zergling x8  
  74  5:23  Hydralisk  
  74  5:24  Zergling x4  
  74  5:27  Zergling x4  
  80  5:31  Hydralisk  
  80  5:33  Zergling x4  
  84  5:36  Zergling x4  
  84  5:40  Overlord  
  86  5:43  Hydralisk  
  86  5:45  Zergling x2  
  86  5:49  Zergling x2  
  89  5:51  Hydralisk  
  86  5:58  Zergling x10  
  91  6:10  Hydralisk x2  
  94  6:16  Zergling x2  
  94  6:18  Zergling x8  
  89  6:24  Hydralisk  
  93  6:27  Hydralisk  
  93  6:32  Zergling x6  
  97  6:33  Overlord x2  
  97  6:39  Baneling Nest  
  96  6:42  Overlord  
  96  6:44  Drone  
  97  6:52  Zergling x12  
  103  6:55  Zergling x2  
  103  7:00  Zergling x10  
  109  7:03  Zergling x2  
  110  7:10  Zergling x10  
  115  7:20  Zergling x2  
  112  7:31  Zergling x2  
  112  7:33  Zergling x16  
  112  7:36  Baneling x13  
  121  7:44  Baneling  
  119  7:45  Overlord  
  119  7:47  Baneling  
  119  7:57  Zergling x2  
  119  7:58  Zergling x2  
  98  8:06  Zergling x14  
  98  8:08  Zergling x6  
Show
View Real Time Build Order
Export as new Build Order

Nice Protoss 

Build Orders: 1 Gate Expand, Oracle Opening 

Get SALT Encoding   

  12  0:00  Probe  
  13  0:12  Probe  
  14  0:19  Pylon  
  14  0:24  Probe  
  15  0:37  Probe (Chrono Boost)  
  15  0:38  Gateway  
  16  0:47  Assimilator  
  16  0:48  Probe (Chrono Boost)  
  17  0:52  Probe (Chrono Boost)  
  18  1:03  Probe  
  19  1:15  Probe  
  20  1:23  Nexus  
  20  1:33  Cybernetics Core  
  20  1:40  Assimilator  
  20  1:41  Probe  
  21  1:48  Pylon  
  21  1:53  Probe (Chrono Boost)  
  22  2:05  Probe (Chrono Boost)  
  22  2:07  Adept (Chrono Boost)  
  23  2:10  Probe (Chrono Boost)  
  26  2:19  Stargate  
  26  2:20  Probe  
  27  2:29  Adept  
  27  2:32  Warp Gate, Probe  
  30  2:42  Probe  
  31  2:44  Probe  
  31  2:47  Gateway  
  32  2:54  Probe  
  32  2:56  Probe  
  37  3:06  Void Ray (Chrono Boost)  
  37  3:07  Probe  
  37  3:09  Probe  
  39  3:19  Probe  
  40  3:21  Probe  
  41  3:31  Probe  
  41  3:33  Probe  
  41  3:34  Oracle (Chrono Boost)  
  46  3:41  Nexus  
  46  3:47  Pylon  
  46  4:03  Pylon  
  46  4:05  Probe  
  46  4:06  Probe  
  46  4:08  Void Ray (Chrono Boost)  
  52  4:15  Gateway  
  52  4:17  Pylon  
  52  4:18  Probe x2  
  54  4:30  Probe x2  
  56  4:31  Twilight Council  
  56  4:32  Adept x2  
  56  4:37  Shield Battery  
  60  4:41  Shield Battery  
  56  4:50  Shield Battery  
  54  4:53  Adept, Gateway  
  54  4:54  Adept  
  54  4:56  Gateway  
  54  4:57  Probe  
  59  5:01  Shield Battery  
  59  5:03  Shield Battery  
  59  5:06  Resonating Glaives (Chrono Boost), Shield Battery  
  59  5:12  Shield Battery  
  57  5:15  Adept x2  
  57  5:20  Adept  
  63  5:26  Probe  
  63  5:27  Probe x2  
  66  5:36  Adept x2  
  70  5:44  Adept  
  72  5:57  Adept x2  
  72  5:58  Adept x2  
  80  6:07  Pylon, Adept  
  80  6:08  Pylon  
  81  6:16  Probe  
  77  6:21  Adept x4  
  77  6:23  Probe x2  
  85  6:29  Probe (Chrono Boost)  
  86  6:35  Probe x2 (Chrono Boost)  
  86  6:38  Assimilator x2  
  88  6:41  Probe (Chrono Boost)  
  88  6:46  Probe x2 (Chrono Boost)  
  91  6:48  Probe (Chrono Boost)  
  91  6:50  Robotics Facility  
  91  6:51  Probe x2 (Chrono Boost)  
  91  6:53  Pylon, Assimilator  
  94  6:55  Assimilator, Probe  
  95  7:01  Probe (Chrono Boost)  
  95  7:02  Probe (Chrono Boost)  
  95  7:07  Probe (Chrono Boost)  
  98  7:13  Probe (Chrono Boost)  
  100  7:17  Pylon  
  100  7:19  Probe x2 (Chrono Boost)  
  100  7:20  Sentry  
  103  7:23  Probe (Chrono Boost)  
  103  7:24  Probe (Chrono Boost)  
  106  7:35  Adept  
  106  7:36  Adept x3  
  113  7:38  Gateway  
  113  7:39  Gateway  
  113  7:43  Gateway  
  117  7:47  Pylon  
  117  7:48  Pylon  
  117  7:49  Sentry  
  117  7:50  Pylon  
  115  8:01  Adept x2  
  103  8:07  Adept x2  
Tags
 
Add a new tag
Caveats
  • Supply blocks, unpowered buildings, or Contaminate may cause inaccurate times.
  • Supply counts are checked every 10 seconds.